 Dungeon Crawl Stone Soup version 0.26.0-15-gc6cd9f7 (webtiles) character file.

Game seed: 16703949648908486488

392 bonscott the Ducker (level 6, -1/46 HPs)
             Began as a Vampire Warper on Jan 24, 2021.
             Slain by an iguana (11 damage)
             ... on level 4 of the Dungeon.
             The game lasted 00:12:28 (3210 turns).

bonscott the Ducker (Vampire Warper)                Turns: 3210, Time: 00:12:29

Health: -1/46      AC:  5    Str: 12    XL:     6   Next: 50%
Magic:  10/10      EV: 13    Int: 15    God:
Gold:   163        SH:  0    Dex: 14    Spells: 10/10 levels left

rFire    . . .     SeeInvis +   a - +0 falchion
rCold    . . .     Faith    .   (no shield)
rNeg     . . .     Spirit   .   b - +1 leather armour
rPois    .         Reflect  .   (no helmet)
rElec    .         Harm     .   (no cloak)
rCorr    .         Rampage  .   y - +0 pair of gloves
Will     .....                  (no boots)
Stlth    ++........             (no amulet)
HPRegen  0.35/turn              (no ring)
MPRegen  0.12/turn              (no ring)

@: regenerating quickly
A: fangs 3, see invisible, unbreathing
a: Exsanguinate


You were on level 4 of the Dungeon.
You visited 1 branch of the dungeon, and saw 4 of its levels.
You also visited: Sewer.

You collected 163 gold pieces.

Inventory:

Hand Weapons
 a - a +0 falchion (weapon)
 v - a +0 hand axe of venom
Missiles
 e - 5 boomerangs of dispersal (quivered)
 p - 20 bolts
 r - 19 arrows
 x - 6 javelins
 F - 113 stones
Armour
 b - a +1 leather armour (worn)
 g - a cursed +0 scale mail
 y - a +0 pair of gloves (worn)
Scrolls
 c - 5 scrolls of identify
 d - 2 scrolls of blinking
 h - a scroll of teleportation
 i - a scroll of holy word {unknown}
 j - a scroll of amnesia {unknown}
 m - a scroll of fog {unknown}
 n - a scroll of noise {unknown}
 s - a scroll of enchant armour
 t - a scroll of remove curse {unknown}
Potions
 f - a potion of lignification
 k - a potion of attraction
 l - 3 potions of flight
 o - 3 potions of brilliance {unknown}
 q - 2 potions of curing {unknown}
 u - a potion of cancellation {unknown}
 w - a potion of invisibility {unknown}
 z - a potion of berserk rage {unknown}
 A - 4 potions of heal wounds


   Skills:
 + Level 2.7 Fighting
 + Level 3.0 Long Blades
 + Level 1.8 Throwing
 + Level 2.0 Armour
 + Level 3.4 Dodging
 + Level 3.2 Stealth
 + Level 2.8 Spellcasting
 + Level 3.1 Translocations


You had 10 spell levels left.
You didn't know any spells.
Your spell library contained the following spells:

 Spells                   Type           Power        Failure   Level
 Blink                    Tloc           N/A          11%         2
 Gell's Gravitas          Tloc           5%           22%         3
 Lesser Beckoning         Tloc           5%           22%         3
 Teleport Other           Tloc           11%          22%         3
 Passage of Golubria      Tloc           N/A          56%         4


Dungeon Overview and Level Annotations

Branches:
Dungeon (4/15)              Sewer (visited)
 Temple: D:4-7

Altars:


Innate Abilities, Weirdness & Mutations

Your natural rate of healing is unusually fast.
You have razor-sharp teeth.
You have supernaturally acute eyesight. (SInv)
You can survive without breathing.


Message History

The iguana is moderately wounded.
You closely miss the iguana.
The iguana is moderately wounded.
The iguana closely misses you.
You riposte.
You barely miss the iguana.
The iguana is moderately wounded.
The iguana closely misses you.
You barely miss the iguana. You bite the iguana, but do no damage.
The iguana is moderately wounded.
The iguana closely misses you.
You completely miss the iguana.
The iguana is moderately wounded.
The iguana bites you.
* * * LOW HITPOINT WARNING * * *
You closely miss the iguana.
The iguana is moderately wounded.
The iguana barely misses you.
You hit the iguana. You bite the iguana, but do no damage.
The iguana is heavily wounded.
The iguana bites you!
You die...

*,,,** #### ##.. *....*
##..####... *....** ##..........
*.....* #........... *#....**
#........... #.....*
##..#......#. *#....#*
##..####...### ##....####...#
*#..[# **#....l@..?..##**...##
**.............# *....#
**,............##**...## *
**,,..........###**,..## ***
**,,,..........#***,,,,* ###
,,***,,,,...........*,,,,,,* ##..
,,,,,,,,,............,,,,,,* #...
,,,,,,,,,.............,,,,,*##...
,,,,,,,,,,,,,,,,******,,,,,,#....


You could see an iguana.

Vanquished Creatures
  2 big kobolds (Sewer)
  An iguana (D:4)
  3 adders
  9 river rats
  An ufetubus (D:2)
  2 oozes
  2 worms
  2 dart slugs
  A leopard gecko (D:4)
  2 orcs (D:4)
  6 ball pythons (Sewer)
  4 bats
  6 giant cockroaches
  3 goblins (D:1)
  8 hobgoblins
  5 frilled lizards
  25 kobolds
  23 rats
105 creatures vanquished.

Vanquished Creatures (others)
  5 plants (D:3)
5 creatures vanquished.

Grand Total: 110 creatures vanquished

Notes
Turn   | Place    | Note
-------+----------+-------------------------------------------
     0 | D:1      | bonscott the Vampire Warper began the quest for the Orb.
     0 | D:1      | Reached XP level 1. HP: 16/16 MP: 3/3
   263 | D:1      | Reached XP level 2. HP: 21/22 MP: 5/5
   466 | D:1      | Reached skill level 1 in Throwing
   492 | D:1      | Reached skill level 1 in Stealth
   569 | D:1      | Reached skill level 1 in Armour
   754 | D:2      | Reached XP level 3. HP: 27/27 MP: 6/6
  1832 | D:3      | Reached XP level 4. HP: 29/33 MP: 7/7
  2182 | D:4      | Found a glowing drain.
  2198 | Sewer    | Entered a sewer
  2275 | Sewer    | Noticed a big kobold
  2302 | Sewer    | Killed a big kobold
  2303 | Sewer    | Reached XP level 5. HP: 31/39 MP: 8/8
  2900 | Sewer    | Reached XP level 6. HP: 45/46 MP: 10/10
  3210 | D:4      | Slain by an iguana

Illustrated notes

Levels and vault maps discovered:
D:1:      enne_arrival_octagon_isle, layout_basic
D:2:      layout_loops_ring, serial_forest, infiniplex_forest_clump_diagonal,
          infiniplex_forest_corner_1, infiniplex_forest_lined_corner,
          infiniplex_forest_end_2, infiniplex_forest_diagonal
D:3:      layout_rooms, serial_bayou_lagoon_b
D:4:      layout_layer_cave, portal_sewer_entry_e

Skill      XL: |  1  2  3  4  5  6 |
---------------+-------------------+-----
Throwing       | 1 |  1.8
Stealth        | 1 2 3 |  3.2
Armour         | 1 2 |  2.0
Fighting       | 2 |  2.7
Dodging        | 3 |  3.4
Translocations | 3 |  3.1
Long Blades    | 3 |  3.0
Spellcasting   | |  2.8

Action                   |  1- 3 |  4- 6 || total
-------------------------+-------+-------++-------
Melee: Falchion          |   135 |   225 ||   360
       Bite              |    10 |    24 ||    34
Throw: Stone             |       |    53 ||    53
       Javelin           |       |     6 ||     6
  Use: Scroll            |     6 |     2 ||     8
       Potion            |       |     1 ||     1
 Stab: Sleeping          |     3 |     2 ||     5
Armor: Leather armour    |    32 |    56 ||    88
Dodge: Dodged            |    82 |   182 ||   264
       Rpst.: Falchion   |    24 |    76 ||   100
